IL
COLUMBUS CLIPPERS @ NORFOLK TIDES
05/24/2046
 
TOP OF THE 1ST
Columbus Clippers batting - Pitching for Norfolk Tides : LHP Pat Dantzler
Pitching: LHP Pat Dantzler
Batting: LHB John Harring 0-0: Called Strike
0-1: Ball
1-1: Ball
2-1: DOUBLE (Flyball, 8RXD, EV 99.4 MPH)
Batting: LHB Corey Trevor 0-0: Called Strike
0-1: Foul Ball, location: 2F
0-2: Ball
1-2: Strikes out swinging
Batting: RHB Christian Blue 0-0: Ball
1-0: Called Strike
1-1: Foul Ball, location: 2F
1-2: Ball
2-2: Ground out 6-3 (Groundball, 6, EV 104.4 MPH)
Batting: LHB Brent Albertson 0-0: Ball
1-0: Foul Ball, location: 2F
1-1: Fly out, F5 (Popup, 5SF, EV 85.6 MPH)
Top of the 1st over - 0 runs, 1 hit, 0 errors, 1 left on base; Columbus 0 - Norfolk 0
BOTTOM OF THE 1ST
Norfolk Tides batting - Pitching for Columbus Clippers : RHP Matt Zambon
Pitching: RHP Matt Zambon
Batting: SHB Brian Bentz 0-0: Ball
1-0: Ball
2-0: Swinging Strike
2-1: Swinging Strike
2-2: Strikes out swinging
Batting: SHB Ben Pierce 0-0: Ball
1-0: Ball
2-0: Swinging Strike
2-1: Ball
3-1: Ground out 5-3 (Groundball, 5L, EV 90.0 MPH)
Batting: RHB Mike Hayward 0-0: Fly out, F9 (Flyball, 9D, EV 99.4 MPH)
Bottom of the 1st over - 0 runs, 0 hits, 0 errors, 0 left on base; Columbus 0 - Norfolk 0
TOP OF THE 2ND
Columbus Clippers batting - Pitching for Norfolk Tides : LHP Pat Dantzler
Batting: RHB Chris Folse 0-0: Swinging Strike
0-1: Ball
1-1: Ball
2-1: Called Strike
2-2: Ball
3-2: DOUBLE (Line Drive, 9LS, EV 93.1 MPH)
Batting: RHB Armando Galindo 0-0: Ball
Wild Pitch!
Chris Folse to third
1-0: Fly out, F8 (Flyball, 8RXD, EV 106.2 MPH)
Runner from 3rd tags up, SCORES, no throw by CF
Batting: RHB Harris Leroux 0-0: SINGLE (Groundball, 6MD, EV 101.9 MPH)
Batting: RHB Chris Diaz 0-0: Ball
1-0: Grounds into double play, 5-4-3 (Groundball, 5L, EV 90.0 MPH)
Top of the 2nd over - 1 run, 2 hits, 0 errors, 0 left on base; Columbus 1 - Norfolk 0
BOTTOM OF THE 2ND
Norfolk Tides batting - Pitching for Columbus Clippers : RHP Matt Zambon
Batting: LHB Jesus Lozano 0-0: Ball
1-0: Foul Ball, location: 2F
1-1: TRIPLE (Flyball, 9LD, EV 107.5 MPH)
Batting: SHB In-sung Lee 0-0: Ball
1-0: Called Strike
1-1: Foul Ball, location: 2F
1-2: Ball
2-2: Ball
3-2: Foul Ball, location: 2F
3-2: Foul Ball, location: 2F
3-2: SINGLE (Groundball, 56D, EV 107.5 MPH)
Jesus Lozano scores
Batting: RHB Mario Saez 0-0: SINGLE (Line Drive, 7S, EV 105.0 MPH)
In-sung Lee to second
Batting: LHB Ricardo Pagan 0-0: Ball
1-0: Ball
2-0: Foul Ball, location: 2F
2-1: Fielders Choice at 2nd, 5-4 (Groundball, 56D, EV 102.5 MPH)
In-sung Lee to third
Batting: SHB Marvin Garcia 0-0: Ball
1-0: Swinging Strike
1-1: Ball
2-1: Ball
3-1: Base on Balls
Ricardo Pagan to second
Batting: RHB John Gray 0-0: Fielders Choice at 2nd, 6-4 (Groundball, 56D, EV 86.9 MPH)
In-sung Lee scores
Ricardo Pagan to third
Batting: SHB Brian Bentz 0-0: Ball
1-0: Ball
2-0: Ball
3-0: Base on Balls
John Gray to second
Batting: SHB Ben Pierce 0-0: Called Strike
0-1: Called Strike
0-2: SINGLE (Groundball, 4MD, EV 101.2 MPH)
Ricardo Pagan scores
John Gray to third
Brian Bentz to second
Batting: RHB Mike Hayward 0-0: Called Strike
0-1: Ball
1-1: Swinging Strike
1-2: Ball
2-2: Foul Ball, location: 2F
2-2: DOUBLE (Line Drive, 9LD, EV 103.8 MPH)
John Gray scores
Brian Bentz scores
Ben Pierce to third
Runner from 3rd tries for Home, SAFE, throw by RF to trailing runner, SAFE at third!
Pitching: LHP Eric Larsen
Batting: LHB Jesus Lozano 0-0: Fly out, F9 (Flyball, 89D, EV 100.0 MPH)
Bottom of the 2nd over - 6 runs, 5 hits, 0 errors, 1 left on base; Columbus 1 - Norfolk 6
TOP OF THE 3RD
Columbus Clippers batting - Pitching for Norfolk Tides : LHP Pat Dantzler
Batting: LHB John Dietrich 0-0: Fly out, F8 (Line Drive, 8RD, EV 86.2 MPH)
Batting: LHB John Harring 0-0: Foul Ball, location: 2F
0-1: Ball
1-1: Swinging Strike
1-2: Ball
2-2: Strikes out swinging
Batting: LHB Corey Trevor 0-0: Called Strike
0-1: Foul Ball, location: 2F
0-2: Strikes out looking
Top of the 3rd over - 0 runs, 0 hits, 0 errors, 0 left on base; Columbus 1 - Norfolk 6
BOTTOM OF THE 3RD
Norfolk Tides batting - Pitching for Columbus Clippers : LHP Eric Larsen
Batting: SHB In-sung Lee 0-0: Foul Ball, location: 2F
0-1: Ball
1-1: Foul Ball, location: 2F
1-2: Ball
2-2: Strikes out swinging
Batting: RHB Mario Saez 0-0: Called Strike
0-1: Swinging Strike
0-2: Strikes out swinging
Batting: LHB Ricardo Pagan 0-0: DOUBLE (Flyball, 9LD, EV 90.0 MPH)
Batting: SHB Marvin Garcia 0-0: 2-RUN HOME RUN (Flyball, 7D, EV 101.2 MPH), Distance : 389 ft
Batting: RHB John Gray 0-0: Ball
1-0: Called Strike
1-1: Foul Ball, location: 2F
1-2: Strikes out looking
Bottom of the 3rd over - 2 runs, 2 hits, 0 errors, 0 left on base; Columbus 1 - Norfolk 8
TOP OF THE 4TH
Columbus Clippers batting - Pitching for Norfolk Tides : LHP Pat Dantzler
Batting: RHB Christian Blue 0-0: Ground out 5-3 (Groundball, 56, EV 108.1 MPH)
Batting: LHB Brent Albertson 0-0: Ball
1-0: Ball
2-0: Foul Ball, location: 2F
2-1: Foul Ball, location: 2F
2-2: DOUBLE (Line Drive, 5D, EV 105.0 MPH)
Batting: RHB Chris Folse 0-0: Ball
1-0: Ball
2-0: Called Strike
2-1: Ball
3-1: SINGLE (Flyball, 78M, EV 88.1 MPH)
Brent Albertson to third
Batting: RHB Armando Galindo 0-0: Ball
Chris Folse steals 2nd base
1-0: Fly out, F8 (Line Drive, 8LD, EV 96.2 MPH)
Runner from 3rd tags up, SCORES, throw by CF
Chris Folse to third
Batting: RHB Harris Leroux 0-0: Ball
1-0: Called Strike
1-1: Ground out 6-3 (Groundball, 6, EV 91.9 MPH)
Top of the 4th over - 1 run, 2 hits, 0 errors, 1 left on base; Columbus 2 - Norfolk 8
BOTTOM OF THE 4TH
Norfolk Tides batting - Pitching for Columbus Clippers : LHP Eric Larsen
Batting: SHB Brian Bentz 0-0: Foul Ball, location: 2F
0-1: Foul Ball, location: 2F
0-2: Ball
1-2: Strikes out looking
Batting: SHB Ben Pierce 0-0: Called Strike
0-1: Foul Ball, location: 2F
0-2: Ground out 5-3 (Groundball, 56, EV 105.0 MPH)
Batting: RHB Mike Hayward 0-0: Ball
1-0: Ball
2-0: SINGLE (Line Drive, 3D, EV 94.4 MPH)
Batting: LHB Jesus Lozano 0-0: Ball
1-0: Ball
2-0: Called Strike
2-1: Called Strike
2-2: Foul Ball, location: 2F
2-2: Strikes out swinging
Bottom of the 4th over - 0 runs, 1 hit, 0 errors, 1 left on base; Columbus 2 - Norfolk 8
TOP OF THE 5TH
Columbus Clippers batting - Pitching for Norfolk Tides : LHP Pat Dantzler
Batting: RHB Chris Diaz 0-0: Ball
1-0: Ground out 4-3 (Groundball, 4, EV 101.2 MPH)
Batting: LHB John Dietrich 0-0: Ball
1-0: Ball
2-0: Ground out 4-3 (Groundball, 34, EV 97.5 MPH)
Batting: LHB John Harring 0-0: Called Strike
0-1: Swinging Strike
0-2: Foul Ball, location: 2F
0-2: Foul Ball, location: 2F
0-2: Ball
1-2: SINGLE (Groundball, 23, EV 68.1 MPH) (infield hit)
Batting: LHB Corey Trevor 0-0: Ball
1-0: Foul Ball, location: 2F
1-1: Called Strike
1-2: Strikes out swinging
Top of the 5th over - 0 runs, 1 hit, 0 errors, 1 left on base; Columbus 2 - Norfolk 8
BOTTOM OF THE 5TH
Norfolk Tides batting - Pitching for Columbus Clippers : LHP Eric Larsen
Batting: SHB In-sung Lee 0-0: Ground out 2-3 (Groundball, 15S, EV 61.2 MPH)
Batting: RHB Mario Saez 0-0: Foul Ball, location: 2F
0-1: SINGLE (Groundball, 6D, EV 97.5 MPH)
Batting: LHB Ricardo Pagan 0-0: Ball
1-0: Swinging Strike
1-1: Fielders Choice at 2nd, 6-4 (Groundball, 6, EV 88.1 MPH)
Batting: SHB Marvin Garcia 0-0: Ball
1-0: Ball
2-0: Ball
3-0: Base on Balls
Ricardo Pagan to second
Batting: RHB John Gray 0-0: Foul Ball, location: 2F
0-1: Ball
1-1: Ball
2-1: Ball
3-1: Base on Balls
Ricardo Pagan to third
Marvin Garcia to second
Batting: SHB Brian Bentz 0-0: Ball
1-0: Foul Ball, location: 2F
1-1: Ground out 5-3 (Groundball, 56, EV 97.5 MPH)
Bottom of the 5th over - 0 runs, 1 hit, 0 errors, 3 left on base; Columbus 2 - Norfolk 8
TOP OF THE 6TH
Columbus Clippers batting - Pitching for Norfolk Tides : LHP Pat Dantzler
Batting: RHB Christian Blue 0-0: Ball
1-0: Foul Ball, location: 2F
1-1: Swinging Strike
1-2: Hit by Pitch
Batting: LHB Brent Albertson 0-0: Called Strike
0-1: Ball
1-1: Swinging Strike
1-2: Foul Ball, location: 2F
1-2: Ball
2-2: Ball
3-2: Strikes out swinging
Batting: RHB Chris Folse 0-0: Ball
1-0: Foul Ball, location: 2F
1-1: Foul Ball, location: 2F
1-2: Strikes out looking
Batting: RHB Armando Galindo 0-0: Ball
1-0: Ball
2-0: Ball
3-0: Base on Balls
Christian Blue to second
Batting: RHB Harris Leroux 0-0: Fly out, F9 (Flyball, 89S, EV 91.2 MPH)
Top of the 6th over - 0 runs, 0 hits, 0 errors, 2 left on base; Columbus 2 - Norfolk 8
BOTTOM OF THE 6TH
Norfolk Tides batting - Pitching for Columbus Clippers : LHP Eric Larsen
Batting: SHB Ben Pierce 0-0: Ball
1-0: Foul Ball, location: 2F
1-1: Ball
2-1: Ball
3-1: Called Strike
3-2: Base on Balls
Pitching: RHP Jon Samer
Batting: RHB Mike Hayward 0-0: Ball
1-0: Called Strike
1-1: Swinging Strike
1-2: Strikes out swinging
Batting: LHB Jesus Lozano 0-0: Called Strike
0-1: Ball
1-1: SINGLE (Groundball, 34D, EV 100.0 MPH)
Ben Pierce to second
Runner from 2nd tries for 3rd, SAFE, throw by RF made at trailing runner, OUT! 9-6
Batting: SHB In-sung Lee 0-0: Swinging Strike
0-1: Swinging Strike
0-2: Strikes out swinging
Bottom of the 6th over - 0 runs, 1 hit, 0 errors, 1 left on base; Columbus 2 - Norfolk 8
TOP OF THE 7TH
Columbus Clippers batting - Pitching for Norfolk Tides : LHP Pat Dantzler
Batting: RHB Chris Diaz 0-0: Ball
1-0: Ball
2-0: Called Strike
2-1: Ball
3-1: Base on Balls
Batting: LHB John Dietrich 0-0: Called Strike
0-1: Ball
1-1: Swinging Strike
1-2: Foul Ball, location: 2F
1-2: Ball
2-2: Foul Ball, location: 2F
2-2: Foul Ball, location: 2F
2-2: Ball
3-2: Strikes out swinging
Pitching: RHP Mike LaMonica
Batting: LHB John Harring 0-0: Ball
1-0: Fly out, F8 (Flyball, 8RM, EV 89.4 MPH)
Batting: LHB Corey Trevor 0-0: Called Strike
0-1: Ball
Chris Diaz steals 2nd base (no throw)
1-1: Called Strike
1-2: Ground out 4-3 (Groundball, 4, EV 84.4 MPH)
Top of the 7th over - 0 runs, 0 hits, 0 errors, 1 left on base; Columbus 2 - Norfolk 8
BOTTOM OF THE 7TH
Norfolk Tides batting - Pitching for Columbus Clippers : RHP Jon Samer
Batting: RHB Mario Saez 0-0: Called Strike
0-1: Swinging Strike
0-2: Ball
1-2: Ball
2-2: Foul Ball, location: 2F
2-2: Strikes out swinging
Batting: LHB Ricardo Pagan 0-0: Called Strike
0-1: Swinging Strike
0-2: Ground out 5-3 (Groundball, 5, EV 85.6 MPH)
Batting: SHB Marvin Garcia 0-0: Called Strike
0-1: Ball
1-1: Foul Ball, location: 2F
1-2: Foul Ball, location: 2F
1-2: Ball
2-2: Fly out, F9 (Flyball, 9, EV 75.6 MPH)
Bottom of the 7th over - 0 runs, 0 hits, 0 errors, 0 left on base; Columbus 2 - Norfolk 8
TOP OF THE 8TH
Columbus Clippers batting - Pitching for Norfolk Tides : RHP Mike LaMonica
Batting: RHB Christian Blue 0-0: Ball
1-0: Ground out U3 (Groundball, 34, EV 106.9 MPH)
Batting: LHB Brent Albertson 0-0: Ball
1-0: Ball
2-0: Called Strike
2-1: Ball
3-1: Base on Balls
Batting: RHB Chris Folse 0-0: Ball
1-0: Swinging Strike
1-1: Fly out, F9 (Flyball, 9LMF, EV 83.1 MPH)
Batting: RHB Armando Galindo 0-0: Foul Ball, location: 2F
0-1: Fly out, F3 (Popup, 3SF, EV 69.4 MPH)
Top of the 8th over - 0 runs, 0 hits, 0 errors, 1 left on base; Columbus 2 - Norfolk 8
BOTTOM OF THE 8TH
Norfolk Tides batting - Pitching for Columbus Clippers : RHP Jon Samer
Batting: RHB John Gray 0-0: Called Strike
0-1: Foul Ball, location: 2F
0-2: Ball
1-2: Foul Ball, location: 2F
1-2: Ball
2-2: Foul Ball, location: 2F
2-2: Ground out 5-3 (Groundball, 56S, EV 65.6 MPH)
Batting: SHB Brian Bentz 0-0: Ball
1-0: Foul Ball, location: 2F
1-1: Called Strike
1-2: Ball
2-2: Strikes out looking
Batting: SHB Ben Pierce 0-0: Called Strike
0-1: Ground out 6-3 (Groundball, 6, EV 100.6 MPH)
Bottom of the 8th over - 0 runs, 0 hits, 0 errors, 0 left on base; Columbus 2 - Norfolk 8
TOP OF THE 9TH
Columbus Clippers batting - Pitching for Norfolk Tides : RHP Mike LaMonica
Batting: RHB Harris Leroux 0-0: Ball
1-0: Called Strike
1-1: Fly out, F3 (Popup, 23F, EV 82.5 MPH)
Batting: RHB Chris Diaz 0-0: Called Strike
0-1: SINGLE (Line Drive, 8LS, EV 100.0 MPH)
Batting: LHB John Dietrich 0-0: Ball
1-0: Ball
2-0: Foul Ball, location: 2F
2-1: Foul Ball, location: 2F
2-2: Strikes out swinging
Batting: LHB John Harring 0-0: Ball
1-0: Ball
2-0: Ball
3-0: Called Strike
3-1: Fly out, F8 (Flyball, 8LD, EV 91.2 MPH)
Top of the 9th over - 0 runs, 1 hit, 0 errors, 1 left on base; Columbus 2 - Norfolk 8
Tuesday, September 13th , 2022 - OOTP Baseball 23.7 Build 88